 Dungeon Crawl Stone Soup version 0.19-a0-1341-g3513869 (webtiles) character file.

177 Leszczynek the Basher (level 5, 53/54 HPs)
             Began as an Ogre Monk on Sept 2, 2016.
             Quit the game in the Ecumenical Temple.
             The game lasted 00:05:32 (1498 turns).

Leszczynek the Basher (Ogre Monk)                   Turns: 1498, Time: 00:05:33

Health: 53/54      AC:  4    Str: 16    XL:     5   Next: 57%
Magic:  5/5        EV: 10    Int:  9    God:
Gold:   119        SH:  0    Dex: 13    Spells: 0 memorised, 4 levels left

rFire  . . .     SeeInvis .     a - +0 mace
rCold  . . .     Gourm    .     b - +0 robe
rNeg   + . .     Faith    .     (no shield)
rPois  .         Spirit   .     (helmet restricted)
rElec  .         Dismiss  .     s - +0 cloak
rCorr  .         Reflect  .     (gloves unavailable)
MR     .....     Harm     .     (boots unavailable)
Stlth  ++........               (no amulet)
                                (no ring)
                                m - ring of positive energy

@: no status effects
A: unfitting armour, tough skin 1
a: no special abilities


You were in the Ecumenical Temple.
You were not hungry.

You visited 2 branches of the dungeon, and saw 6 of its levels.

You collected 119 gold pieces.

Inventory:

Hand Weapons
 a - a +0 mace (weapon)
Missiles
 u - 5 needles of paralysis
Armour
 b - a +0 robe (worn)
 s - a +0 cloak (worn)
Jewellery
 m - a ring of positive energy (left hand)
Scrolls
 c - 3 scrolls of amnesia {unknown}
 e - 2 scrolls of fear {unknown}
 g - 5 scrolls of identify {unknown}
 k - a scroll of remove curse {unknown}
 n - a scroll of fog {unknown}
 o - a scroll of recharging {unknown}
Potions
 h - a potion of magic {unknown}
 j - a potion of lignification {unknown}
 l - a potion of heal wounds {unknown}
 p - a potion of brilliance {unknown}
 q - a potion of mutation {unknown}
Comestibles
 d - 3 bread rations
 f - a royal jelly
 i - 2 meat rations
 r - a chunk of flesh
 t - a slice of pizza


   Skills:
 - Level 4.0 Fighting
 + Level 8.0 Maces & Flails
 - Level 2.6 Dodging
 - Level 1.5 Stealth


You had 4 spell levels left.
You didn't know any spells.

Dungeon Overview and Level Annotations

Branches:
Dungeon (5/15)             Temple (1/1) D:5

Altars:
Ashenzari
Cheibriados
Elyvilon
Gozag
Makhleb
Nemelex Xobeh
Okawaru
Qazlal
Trog
Uskayaw
Vehumet
Xom
Yredelemnul

Annotations:
D:3 Terence


Innate Abilities, Weirdness & Mutations

You are too large for most types of armour.
You have tough skin. (AC +1)


Message History

No target in view!
No target in view!
Found an orange potion.
d - 2 bread rations (gained 1)
d - 3 bread rations (gained 1)
There is a staircase to the Ecumenical Temple here.
You climb downwards.
Welcome to the Ecumenical Temple!
There is a staircase back to the Dungeon here.
Unknown command.
As you open the gate, it creaks loudly!
Found a shattered altar of Ashenzari.
Found a white marble altar of Elyvilon.
There is an open gate here.
Found a shimmering altar of Xom and a stormy altar of Qazlal.
Found an opulent altar of Gozag and an iron altar of Okawaru.
There is a fountain of clear blue water here.
Found a snail-covered altar of Cheibriados and a hide-covered altar of Uskayaw.
Found a bloodstained altar of Trog and a sparkling altar of Nemelex Xobeh.
There is a fountain of clear blue water here.
Are you sure you want to abandon this character and quit the game? (Confirm with "yes".)

######################
.....................#
._..._..._..._..._...#
.....................#
.....................#
....⌠.........⌠.@....#
.....................#
.....................#
._..._..._..._..._...#
.....................#
######################
.. .. ...


There were no monsters in sight!

Vanquished Creatures
  A crimson imp (D:5)
  2 worker ants (D:4)
  5 adders
  2 worms
  3 dart slugs (D:1)
  2 giant geckos
  3 bats
  3 giant cockroaches
  8 goblins
  3 hobgoblins (D:1)
  2 jackals (D:2)
  2 quokkas (D:3)
  A giant newt (D:2)
  2 kobolds (D:3)
  A rat (D:1)
40 creatures vanquished.

Notes
Turn   | Place    | Note
-------+----------+-------------------------------------------
     0 | D:1      | Leszczynek the Ogre Monk began the quest for the Orb.
     0 | D:1      | Reached XP level 1. HP: 24/24 MP: 1/1
   151 | D:1      | Reached XP level 2. HP: 28/32 MP: 2/2
   236 | D:1      | Reached skill level 5 in Maces & Flails
   310 | D:2      | Found a faded altar of an unknown god.
   337 | D:2      | Reached XP level 3. HP: 36/39 MP: 3/3
   582 | D:3      | Found a radiant altar of Vehumet.
   582 | D:3      | Found a basalt altar of Yredelemnul.
   696 | D:2      | Reached skill level 6 in Maces & Flails
   706 | D:2      | Found a burning altar of Makhleb.
   888 | D:3      | Reached XP level 4. HP: 33/48 MP: 4/4
   975 | D:3      | Noticed Terence
  1082 | D:4      | Reached skill level 7 in Maces & Flails
  1128 | D:4      | Reached XP level 5. HP: 24/54 MP: 5/5
  1384 | D:5      | Entered Level 5 of the Dungeon
  1429 | D:5      | Found a staircase to the Ecumenical Temple.
  1444 | D:5      | Reached skill level 8 in Maces & Flails
  1456 | Temple   | Entered the Ecumenical Temple
  1498 | Temple   | Quit the game

Vault maps used:
D:1:      dpeg_arrival_boxes_within_box
D:2:      bloody_makhleb, ecumenical_altar_1
D:3:      gammafunk_temple_overflow_elements, uniq_terence
D:4:      hangedman_ru_absence, first_bread, serial_bayou_crossing
D:5:      nicolae_dithmenos_the_darkroom, led_sif_book, kennysheep_little_box
Temple:   jpeg_temple_alley_garden

Skill      XL: |  1  2  3  4  5 |
---------------+----------------+-----
Maces & Flails | 5 6 7 8 |  8.0
Fighting       | |  4.0
Dodging        | |  2.6
Stealth        | |  1.5

Action                   |  1- 3 |  4- 6 || total
-------------------------+-------+-------++-------
Melee: Mace              |    88 |    54 ||   142
 Stab: Sleeping          |     2 |       ||     2
  Eat: Chunk             |       |     3 ||     3
Armor: Robe              |    23 |     8 ||    31
Dodge: Dodged            |    62 |    19 ||    81
